 Dungeon Crawl Stone Soup version 0.27-a0-869-g165b36e (webtiles) character file.

Game seed: 10062500454784463125

15315 edsrzf the Thaumaturge (level 12, -37/91 HPs)
             Began as a Djinni Earth Elementalist on Apr 2, 2021.
             Was a Priest of Ashenzari.
             Killed from afar by a purple draconian knight (44 damage)
             ... with a shard of ice
             ... on level 1 of the Abyss.
             The game lasted 00:29:06 (11890 turns).

edsrzf the Thaumaturge (Djinni Earth Elementalist) Turns: 11890, Time: 00:29:08

Health: -37/91     AC: 11    Str:  9    XL:     12   Next: 25%
Gold:   588        EV: 15    Int: 25    God:    Ashenzari [***...] SH:  0 Dex: 15

rFire    + + +     SeeInvis +   a - +1 whip "Burden of Ashenzari" {flame, Fort, Cun} (curse)
rCold    x . .     Faith    .   (no shield)
rNeg     . . .     Spirit   .   k - +2 leather armour of the Eye in the Sky {rF+, Evo, Fort} (curse)
rPois    ∞         Reflect  .   (no helmet)
rElec    .         Harm     .   j - +0 cloak
rCorr    .         Rampage  .   v - +2 pair of gloves of Ashenzari's Shame {Stlth+, Evo, Self} (curse)
Will     +....     Clarity  +   (boots unavailable)
Stlth    +++.......             G - amulet of regeneration
HPRegen  1.25/turn              d - ring of the Tethered Sun {Int+6, Fort, Range} (curse)
MPRegen  0.00/turn              E - ring of protection from fire

@: about to teleport, flying
A: fire resistance 2, cold vulnerability 1, float, innate caster, hp casting,
extra vitality 1
a: Renounce Religion, Curse Item, Shatter the Chains


You were on level 1 of the Abyss.
You worshipped Ashenzari.
Ashenzari was most pleased with you.
You visited 2 branches of the dungeon, and saw 12 of its levels.
You visited the Abyss 1 time.
You also visited: Ossuary.

You collected 588 gold pieces.

Inventory:

Hand Weapons
 a - the cursed +1 whip "Burden of Ashenzari" (weapon) {flame, Fort, Cun}
   (You took it off Pikel on level 6 of the Dungeon)

   It has been specially enchanted to burn those struck by it, causing extra
   injury to most foes and up to half again as much damage against particularly
   susceptible opponents.
   It has a curse which improves the following skills: Fortitude: Armour and
   Shields.
   Cunning:   Dodging and Stealth.
Missiles
 b - 67 stones
 y - 3 atropa-tipped darts
 A - 4 poisoned darts
 D - 2 throwing nets {=f}
Armour
 j - a +0 cloak (worn)
 k - the cursed +2 leather armour of the Eye in the Sky (worn) {rF+, Evo, Fort}
   (You found it on level 4 of the Dungeon)

   It has a curse which improves the following skills: Evocations: Evocations.
   Fortitude: Armour and Shields.
 t - a +2 leather armour of cold resistance
 v - the cursed +2 pair of gloves of Ashenzari's Shame (worn) {Stlth+, Evo, Self}
   (You acquired it in an ossuary)

   It has a curse which improves the following skills: Evocations: Evocations.
   Introspection: Fighting and Spellcasting.
Magical Staves
 h - a staff of fire
Jewellery
 d - the cursed ring of the Tethered Sun (left hand) {Int+6, Fort, Range}
   (You found it on level 3 of the Dungeon)

   [ring of intelligence]

   It affects your intelligence (+6).
   It has a curse which improves the following skills: Fortitude: Armour and
   Shields.
   Ranged Combat: Slings, Bows, Crossbows and Throwing.
 E - a ring of protection from fire (right hand)
 F - a ring of protection from fire
 G - an amulet of regeneration (around neck)
Wands
 m - a wand of polymorph (6)
 o - a wand of paralysis (19)
 r - a wand of digging (2)
 C - a wand of mindburst (12)
Scrolls
 i - a scroll of fear
 l - a scroll of teleportation {@r3}
 n - 4 scrolls of enchant weapon
 s - 5 scrolls of enchant armour
 x - a scroll of fog
Potions
 c - a potion of attraction
 e - 2 potions of berserk rage {!q}
 f - 2 potions of might
 g - 2 potions of haste
 u - 7 potions of curing
 w - a potion of lignification
 B - a potion of cancellation


   Skills:
 - Level 8.2(10.1) Fighting
 - Level 6.3(10.1) Armour
 - Level 6.0(7.9) Dodging
 - Level 1.5(2.9) Stealth
 + Level 12.5(14.1) Spellcasting
 - Level 5.3(8.2) Evocations


You had 11 spell levels left.
You knew the following spells:

 Your Spells              Type           Power      Damage    Failure   Level
a - Stone Arrow           Conj/Erth      100%       3d13      1%          3
b - Passwall              Tmut/Erth      60%        N/A       1%          2
c - Petrify               Tmut/Erth      73%        N/A       1%          4
d - Lee's Rapid Deconstr  Erth           36%        3d19*     1%          5
e - Shock                 Conj/Air       100%       1d9       0%          1
f - Poisonous Vapours     Pois/Air       100%       N/A       1%          2
g - Tukima's Dance        Hex            73%        N/A       1%          3
h - Iskenderun's Battles  Conj           73%        2d12      1%          5
w - Swiftness             Air            73%        N/A       1%          2
X - Sandblast             Erth           100%       2d20      0%          1
Your spell library was empty.

Dungeon Overview and Level Annotations

Branches:
Dungeon (11/15)            Temple (0/1) D:6            Lair (0/6) D:9
    Orc (1/2) D:9         Ossuary (visited)

Altars:
Ashenzari
Elyvilon
Gozag
Hepliaklqana
Kikubaaqudgha
Makhleb
Okawaru
Sif Muna
Uskayaw
Vehumet
Xom
Yredelemnul
Zin

Shops:
D:10 :

Annotations:
D:9 3 runed translucent doors, 2tousent's ghost, journeyman DsMo
D:10 2 transporters
Orc:1 Erolcha


Innate Abilities, Weirdness & Mutations

You are immune to poison.
Your flesh is very heat resistant. (rF++)
You are vulnerable to cold. (rC-)
You float through the air rather than walking.
You learn spells naturally, not from books.
Your magical power is your life essence.
You have superior vitality. (+4 HP)


Message History

You hear a roar!
Casting: Lee's Rapid Deconstruction (mildly dangerous; 1% risk of failure)
Confirm with . or Enter, or press ? or * to list all spells.
Aiming: Lee's Rapid Deconstruction (mildly dangerous; 1% risk of failure)
Press: ? - help, Dir - move target A rock wall.
The wall shatters!
The blast of rock fragments hits the tentacled starspawn!!
The tentacled starspawn is almost destroyed.
A purple draconian knight comes into view.
It is wielding a +4 war axe.
The tentacled starspawn closely misses you.
The tentacled starspawn tentacle-slaps you.
Casting: Lee's Rapid Deconstruction (mildly dangerous; 1% risk of failure)
Confirm with . or Enter, or press ? or * to list all spells.
Aiming: Lee's Rapid Deconstruction (mildly dangerous; 1% risk of failure)
Press: ? - help, Dir - move target A rock wall.
The wall shatters!
The blast of rock fragments hits the tentacled starspawn!
You destroy the tentacled starspawn!
The blast of rock fragments hits the purple draconian knight!!
The purple draconian knight is moderately wounded.
Casting: Lee's Rapid Deconstruction (mildly dangerous; 1% risk of failure)
Confirm with . or Enter, or press ? or * to list all spells.
Aiming: Lee's Rapid Deconstruction (mildly dangerous; 1% risk of failure)
Press: ? - help, Dir - move target A rock wall.
The wall shatters!
The blast of rock fragments hits the purple draconian knight!!
The purple draconian knight is moderately wounded.
A tentacled starspawn comes into view.
Casting: Lee's Rapid Deconstruction (mildly dangerous; 1% risk of failure)
Confirm with . or Enter, or press ? or * to list all spells.
Aiming: Lee's Rapid Deconstruction (mildly dangerous; 1% risk of failure)
Press: ? - help, Dir - move target A rock wall.
The wall shatters!
The blast of rock fragments hits the purple draconian knight but does no damage.
The purple draconian knight is moderately wounded.
The blast of rock fragments hits the tentacled starspawn!!
The tentacled starspawn is lightly damaged.
You hear a roar!
The purple draconian knight casts a spell at you.
The bolt of cold misses you.
A large abomination comes into view.
Casting: Lee's Rapid Deconstruction (mildly dangerous; 1% risk of failure)
Confirm with . or Enter, or press ? or * to list all spells.
Aiming: Lee's Rapid Deconstruction (mildly dangerous; 1% risk of failure)
Press: ? - help, Dir - move target A rock wall.
The wall shatters!
The blast of rock fragments hits the purple draconian knight!
The purple draconian knight is heavily wounded.
The blast of rock fragments hits the tentacled starspawn!!
The tentacled starspawn is heavily damaged.
A sixfirhy comes into view.
The purple draconian knight hits you with a +4 war axe!
Unknown command.
As you read the scroll of teleportation {@r3}, it crumbles to dust.
You feel strangely unstable.
You feel the power of the Abyss delaying your translocation!
The purple draconian knight casts a spell at itself.
The purple draconian knight flickers and vanishes for a moment.
Okay, then.
Okay, then.
A small abomination comes into view.
The sixfirhy hits you. The sixfirhy shocks you!
* * * LOW HITPOINT WARNING * * *
The purple draconian knight mumbles some strange words.
The purple draconian knight seems to speed up.
Tentacles burst from the starspawn's body!
The sixfirhy closely misses you. 2 starspawn tentacles come into view.
Okay, then.
You feel much better. The sixfirhy barely misses you. The sixfirhy hits you!
The sixfirhy shocks you!
* * * LOW HITPOINT WARNING * * *
The sixfirhy misses you. The sixfirhy completely misses you.
Unknown command.
Casting: Lee's Rapid Deconstruction (mildly dangerous; 1% risk of failure)
Confirm with . or Enter, or press ? or * to list all spells.
Aiming: Lee's Rapid Deconstruction (mildly dangerous; 1% risk of failure)
Press: ? - help, Dir - move target A rock wall.
The wall shatters!
The blast of rock fragments hits the starspawn tentacle!!
You destroy the starspawn tentacle!
The blast of rock fragments hits the tentacled starspawn!!
You destroy the tentacled starspawn!
The blast of rock fragments hits the purple draconian knight!
The purple draconian knight is heavily wounded.
* * * LOW HITPOINT WARNING * * *
The sixfirhy hits you.
* * * LOW HITPOINT WARNING * * *
The sixfirhy shocks you!
* * * LOW HITPOINT WARNING * * *
The sixfirhy completely misses you.
The purple draconian knight points at you and mumbles some strange words.
The shard of ice hits you!!!
You feel a painful chill!
You die...

, , ,,, * ** * ,, ,
** , * , * , *### ,
,**, , , , ,
,...#**** , ,* # *
,,... * ,,{ ,.# *
*#.* *,,,,,.. *
.#,*#..####* .## ,
, * #
.###...@###...##. ,
.......3..q...... ,
#.......####...###.
..#####.#* .#.# *
*## ... ,*.# .., *
# *..#.####* ##* .
# .*#x##,#... , ,
## ........,... ,*
, * ,, ** #. ..## .
#, ,* * ,


You could see a purple draconian knight (fast, icy armour, invisible), a
sixfirhy and a small abomination.

Vanquished Creatures
  2 tentacled starspawn (Abyss:1)
  Snorg (Orc:1)
  Harold (D:9)
  2 two-headed ogres (D:9)
  5 death yaks (D:9)
  Pikel (D:6)
  A cyclops (D:10)
  2 orange demons (Abyss:1)
  An ancient zyme (Abyss:1)
  A hornet (D:8)
  A troll (D:10)
  Prince Ribbit (D:9)
  Grinder (D:6)
  A wyvern (D:8)
  2 vampire mosquitoes (D:10)
  A neqoxec (Abyss:1)
  A chaos spawn (Abyss:1)
  3 wargs
  Menkaure (D:6)
  3 small abominations (Abyss:1)
  An acid dragon (D:10)
  2 water moccasins
  6 orc warriors
  2 sky beasts (D:6)
  2 black bears
  2 necrophages
  3 ogres
  A kobold brigand (D:7)
  2 bullfrogs
  2 scorpions
  A wyvern zombie (D:8)
  A gnoll sergeant (D:10)
  A wyvern skeleton (D:6)
  6 killer bees (D:9)
  A wight (D:8)
  4 howler monkeys
  5 centaur zombies
  2 starcursed masses (Abyss:1)
  A bullfrog zombie (D:3)
  3 hounds (D:5)
  An iron imp (Abyss:1)
  8 orc priests
  4 jellies
  2 centaur skeletons
  4 iguanas
  8 orc wizards
  A killer bee zombie (D:8)
  A howler monkey zombie (D:7)
  5 mummies (Ossuary)
  7 gnolls
  A howler monkey skeleton (D:7)
  8 adders
  2 shadow imps
  3 white imps
  An ufetubus (Abyss:1)
  An adder skeleton (D:5)
  20 orcs
  2 endoplasms
  A giant cockroach (D:1)
  5 goblins
  6 hobgoblins
  5 jackals
  9 kobolds
  3 quokkas
  5 ball pythons
  3 bats
  A frilled lizard (D:2)
  A goblin zombie (D:7)
  4 hobgoblin zombies (Ossuary)
  An orc zombie (Ossuary)
  3 rats
  A starspawn tentacle (Abyss:1)
207 creatures vanquished.

Vanquished Creatures (others)
  3 starspawn tentacles (Abyss:1)
3 creatures vanquished.

Grand Total: 210 creatures vanquished

Notes
Turn   | Place    | Note
-------+----------+-------------------------------------------
     0 | D:1      | edsrzf the Djinni Earth Elementalist began the quest for
                  | the Orb.
     0 | D:1      | Reached XP level 1. HP: 15/15 MP: 0/0
   634 | D:1      | Reached skill level 3 in Spellcasting
   869 | D:1      | Reached XP level 2. HP: 6/21 MP: 0/0
  1568 | D:2      | Reached XP level 3. HP: 22/25 MP: 0/0
  1568 | D:2      | Learned a level 1 spell: Shock
  1970 | D:2      | Found a faded altar of an unknown god.
  1978 | D:2      | Became a worshipper of Ashenzari the Shackled
  1978 | D:2      | Identified a scroll of amnesia
  1978 | D:2      | Identified 2 scrolls of identify
  1978 | D:2      | Identified a potion of curing
  1978 | D:2      | Identified a scroll of noise
  1978 | D:2      | Identified a potion of haste
  1989 | D:2      | Found a broken altar of Ashenzari.
  2141 | D:2      | Identified a scroll of enchant armour
  2315 | D:3      | Identified a potion of might
  2320 | D:3      | Reached skill level 4 in Spellcasting
  2327 | D:2      | Reached XP level 4. HP: 9/31 MP: 0/0
  2706 | D:3      | Identified a scroll of torment
  2775 | D:3      | Identified a scroll of magic mapping
  2786 | D:3      | Reached XP level 5. HP: 34/35 MP: 0/0
  2786 | D:3      | Learned a level 2 spell: Poisonous Vapours
  2904 | D:3      | Identified a potion of berserk rage
  2905 | D:3      | Found a shimmering altar of Xom.
  3147 | D:3      | Reached skill level 5 in Spellcasting
  3389 | D:4      | Reached XP level 6. HP: 33/40 MP: 0/0
  3507 | D:4      | Identified a scroll of vulnerability
  3567 | D:4      | Identified a potion of attraction
  3813 | D:5      | Entered Level 5 of the Dungeon
  3813 | D:5      | Identified a scroll of teleportation
  3822 | D:5      | Identified a potion of flight
  3924 | D:5      | Reached skill level 6 in Spellcasting
  4081 | D:5      | Reached XP level 7. HP: 42/45 MP: 0/0
  4081 | D:5      | Learned a level 2 spell: Swiftness
  4218 | D:5      | Reached skill level 7 in Spellcasting
  4436 | D:5      | Found a burning altar of Makhleb.
  4519 | D:5      | Identified a scroll of enchant weapon
  4763 | D:6      | Noticed Grinder
  4773 | D:6      | Killed Grinder
  4774 | D:6      | Reached skill level 8 in Spellcasting
  4774 | D:6      | Reached XP level 8. HP: 30/50 MP: 0/0
  5005 | D:6      | Identified a scroll of immolation
  5023 | D:6      | Found a staircase to the Ecumenical Temple.
  5148 | D:6      | Identified a scroll of blinking
  5288 | D:6      | Noticed Menkaure
  5294 | D:6      | Reached skill level 9 in Spellcasting
  5310 | D:6      | Killed Menkaure
  5405 | D:6      | Noticed Pikel
  5422 | D:6      | Killed Pikel
  5423 | D:6      | Reached skill level 10 in Spellcasting
  5423 | D:6      | Reached XP level 9. HP: 38/55 MP: 0/0
  5423 | D:6      | Learned a level 3 spell: Tukima's Dance
  5675 | D:6      | Reached * piety under Ashenzari
  5774 | D:7      | Found an opulent altar of Gozag.
  5803 | D:7      | Found a sand-covered staircase.
  5809 | Ossuary  | Entered an ossuary
  5822 | Ossuary  | Identified a scroll of fear
  5822 | Ossuary  | Identified a scroll of acquirement
  5822 | Ossuary  | Identified a potion of degeneration
  5854 | Ossuary  | Reached skill level 1 in Fighting
  5854 | Ossuary  | Reached skill level 1 in Armour
  5883 | Ossuary  | Acquired a +2 pair of gloves of stealth
  6156 | D:7      | Identified a potion of lignification
  6183 | D:7      | Reached skill level 2 in Fighting
  6183 | D:7      | Reached skill level 2 in Armour
  6229 | D:7      | Reached ** piety under Ashenzari
  6256 | D:7      | Found a broken altar of Ashenzari.
  6257 | D:7      | Identified a scroll of fog
  6257 | D:7      | Found a glowing silver altar of Zin.
  6257 | D:7      | Found a white marble altar of Elyvilon.
  6260 | D:7      | Identified 2 potions of heal wounds
  6262 | D:7      | Found an iron altar of Okawaru.
  6525 | D:8      | Reached skill level 3 in Fighting
  6525 | D:8      | Reached skill level 3 in Armour
  6526 | D:8      | Noticed a hornet
  6531 | D:8      | Killed a hornet
  6583 | D:8      | Identified a potion of cancellation
  6619 | D:8      | Reached skill level 4 in Fighting
  6619 | D:8      | Reached skill level 4 in Armour
  6994 | D:8      | Reached *** piety under Ashenzari
  7150 | D:8      | Reached XP level 10. HP: 71/75 MP: 0/0
  7180 | D:8      | Reached skill level 5 in Armour
  7521 | D:9      | Found a staircase to the Orcish Mines.
  7530 | D:9      | Reached skill level 5 in Fighting
  7929 | D:9      | Noticed a death yak
  7945 | D:9      | Noticed Harold
  7945 | D:9      | Noticed a two-headed ogre
  7977 | D:9      | Killed Harold
  7978 | D:9      | Reached skill level 6 in Fighting
  7978 | D:9      | Reached skill level 6 in Armour
  8482 | D:9      | Found a runed translucent gate.
  8482 | D:9      | Found a runed translucent gate.
  8483 | D:9      | Found a runed translucent gate.
  8484 | D:9      | Identified a potion of invisibility
  8484 | D:9      | Noticed 2tousent's ghost (journeyman DsMo)
  8496 | D:9      | Killed a two-headed ogre
  8497 | D:9      | Reached skill level 7 in Fighting
  8497 | D:9      | Reached skill level 3 in Dodging
  8657 | D:9      | Noticed Prince Ribbit
  8661 | D:9      | Killed Prince Ribbit
  8662 | D:9      | Reached skill level 4 in Dodging
  8686 | D:9      | Noticed a death yak
  8698 | D:10     | Entered Level 10 of the Dungeon
  8754 | D:10     | Found Sestynea's Book Shoppe.
  8866 | D:10     | Found a hazy altar of Hepliaklqana.
  8926 | D:10     | Reached skill level 5 in Dodging
  9150 | D:10     | Noticed a cyclops
  9153 | D:10     | Killed a cyclops
  9163 | D:10     | Reached skill level 8 in Fighting
  9163 | D:10     | Reached XP level 11. HP: 50/86 MP: 0/0
  9163 | D:10     | Learned a level 5 spell: Iskenderun's Battlesphere
  9465 | D:10     | Reached skill level 6 in Dodging
  9519 | D:10     | Found a hide-covered altar of Uskayaw.
  9563 | D:10     | Found a transporter.
  9565 | D:10     | Noticed a death knight
  9573 | D:10     | Found a transporter.
  9615 | D:10     | Found a basalt altar of Yredelemnul.
  9619 | D:10     | Noticed a flayed ghost
  9715 | D:11     | Noticed a manticore
  9715 | D:11     | Noticed a cyclops
  9715 | D:11     | Noticed a fire dragon
  9716 | D:11     | Noticed a centaur warrior
  9717 | D:11     | Noticed a wizard
  9718 | D:11     | Identified a lightning rod (4/4)
  9718 | D:11     | Identified the +6 trident "Afics" {vorpal, rC+ Str+4}
  9927 | Orc:1    | Entered Level 1 of the Orcish Mines
  9929 | Orc:1    | Reached skill level 1 in Evocations
  9936 | Orc:1    | Reached skill level 2 in Evocations
  9937 | D:9      | Noticed a two-headed ogre
  9964 | D:9      | Killed a two-headed ogre
  9965 | D:9      | Reached skill level 3 in Evocations
 10171 | Orc:1    | Noticed Snorg
 10173 | Orc:1    | Reached skill level 4 in Evocations
 10177 | Orc:1    | Killed Snorg
 10178 | Orc:1    | Reached skill level 5 in Evocations
 10180 | Orc:1    | Noticed Erolcha
 10584 | D:9      | Found a staircase to the Lair.
 10587 | D:9      | Noticed a death yak
 10588 | D:9      | Noticed a death yak
 10590 | D:9      | Noticed a death yak
 10602 | D:9      | Killed a death yak
 10604 | D:9      | Killed a death yak
 11146 | D:9      | Killed a death yak
 11147 | D:9      | Reached skill level 11 in Spellcasting
 11147 | D:9      | Killed a death yak
 11149 | D:9      | Killed a death yak
 11601 | Orc:1    | Cast into level 1 of the Abyss (Erolcha)
 11656 | Abyss:1  | Noticed a tentacled starspawn
 11748 | Abyss:1  | Noticed a cacodemon
 11798 | Abyss:1  | Reached XP level 12. HP: 91/91 MP: 0/0
 11816 | Abyss:1  | Reached skill level 12 in Spellcasting
 11827 | Abyss:1  | Noticed a starcursed mass
 11870 | Abyss:1  | Noticed a tentacled starspawn
 11881 | Abyss:1  | Noticed a purple draconian knight
 11882 | Abyss:1  | Killed a tentacled starspawn
 11883 | Abyss:1  | Noticed a tentacled starspawn
 11890 | Abyss:1  | Killed a tentacled starspawn
 11890 | Abyss:1  | Killed from afar by a purple draconian knight

Illustrated notes

Levels and vault maps discovered:
D:1:      psy_arrival_wood_between_worlds, layout_loops_corners,
          minmay_misc_feat_five
D:2:      layout_basic, ebering_ecumenical_altar_mist, basic_altar,
          minmay_statues_item
D:3:      layout_basic, lemuel_tele_altar
D:4:      layout_rooms
D:5:      layout_loops_ring, makhleb_heckhound_becter
D:6:      layout_rooms, kennysheep_mini_moat, minmay_temple_entry_ruins,
          serial_corexii_hall, corexii_hall_statues_u,
          chequers_hall_statues_wall_a, corexii_hall_statues_s, uniq_grinder,
          uniq_menkaure, uniq_pikel
D:7:      layout_gridville, old_standard_altar,
          chequers_temple_overflow_statue_of_worship, enter_ossuary_3,
          hangedman_decor_points
D:8:      layout_basic, minmay_starry_boxes
D:9:      layout_irregular_city, dpeg_lair_monsters, erik_orc_3,
          ebering_ghost_rock_garden, uniq_harold, uniq_prince_ribbit1
D:10:     layout_irregular_city, gammafunk_temple_of_torment,
          nicolae_overflow_hidden_temple, serial_shops, kennysheep_mini
D:11:     minmay_ambush_box, layout_rooms, grunt_ministairs_10
Orc:1:    layout_caves, uniq_snorg, uniq_erolcha
Abyss:1:  base: D:6, hangedman_abyss_shoalhut

Skill      XL: |  1  2  3  4  5  6  7  8  9 10 11 12 |
---------------+-------------------------------------+-----
Spellcasting   | 3 4 5 6 8 10 11 12 | 12.5
Fighting       | 4 8 |  8.2
Armour         | 4 6 |  6.3
Dodging        | 5 6 |  6.0
Evocations     | 5 |  5.3
Stealth        | |  1.5

Action                   |  1- 3 |  4- 6 |  7- 9 | 10-12 || total
-------------------------+-------+-------+-------+-------++-------
Melee: Unarmed           |    51 |       |       |       ||    51
       Staff             |       |       |     1 |       ||     1
       Whip              |       |       |    23 |    28 ||    51
 Cast: Sandblast         |    36 |    37 |    71 |    61 ||   205
       Poisonous Vapours |       |     3 |       |       ||     3
       Stone Arrow       |       |     6 |    32 |    28 ||    66
       Lee's Rapid Decon |       |       |       |    66 ||    66
Invok: Curse Item        |       |       |     4 |     1 ||     5
       Shatter the Chain |       |       |       |     1 ||     1
Evoke: Wand              |       |       |       |     2 ||     2
  Use: Potion            |     1 |       |       |     2 ||     3
       Scroll            |       |       |     2 |     3 ||     5
 Stab: Sleeping          |     1 |       |       |       ||     1
       Distracted        |       |       |     1 |       ||     1
       Paralysed         |       |       |       |     9 ||     9
Armor: Robe              |    15 |     2 |       |       ||    17
       Leather armour    |       |     2 |    21 |    20 ||    43
Dodge: Dodged            |    41 |     8 |    21 |    52 ||   122

Table legend: (Time is in decaauts)
 A = Elapsed time spent in this place.
 B = Non-inter-level travel time spent in this place.
 C = Inter-level travel time spent in this place.
 D = Time resting spent in this place.
 E = Time spent auto-exploring this place.
 F = Levels seen in this place.
 G = Mean time per level.
                   A        B        C        D        E       F      G
               +--------+--------+--------+--------+--------+-----+--------+
         Total |  11898 |  11475 |    423 |   3564 |   6203 |  14 |  849.9 |
       Dungeon |  11295 |  10872 |    423 |   3518 |   6114 |  11 | 1026.8 |
  Orcish Mines |     28 |     28 |      0 |      0 |      0 |   1 |   28.0 |
         Abyss |    288 |    288 |      0 |     29 |      0 |   1 |  288.0 |
       Ossuary |    286 |    286 |      0 |     17 |     89 |   1 |  286.0 |
               +--------+--------+--------+--------+--------+-----+--------+

Top non-repeatable levels by time:
     D:9: 2244 daAuts
    D:10: 1548 daAuts
     D:1: 1510 daAuts
     D:8: 1264 daAuts
     D:6: 1088 daAuts
     D:2: 1076 daAuts
     D:5: 886 daAuts
     D:3: 765 daAuts
     D:4: 460 daAuts
     D:7: 444 daAuts
 Abyss:1: 288 daAuts
 Ossuary: 286 daAuts
   Orc:1: 28 daAuts
    D:11: 6 daAuts
